 Dungeon Crawl Stone Soup version 0.30.0-10-gfe55d96785 (webtiles) character file.

Game seed: 9173877926487282782

263 Brutalitops the Stinger (level 5, -3/21 HPs)
             Began as a Felid Venom Mage on May 15, 2023.
             Was an Initiate of Ashenzari.
             Killed by nerve-wracking pain
             ... invoked by Jessica
              (12 damage)
             ... on level 3 of the Dungeon.
             The game lasted 00:18:50 (3275 turns).

Brutalitops the Stinger (Felid Venom Mage)          Turns: 3275, Time: 00:18:51

Health: -3/21      AC:  6    Str:  4    XL:     5   Next: 97%
Magic:  16/20      EV: 21    Int: 19    God:    Ashenzari [......]
Gold:   160        SH:  0    Dex: 21    Spells: 5/11 levels left
                                        Lives:  0   Deaths: 1

rFire   . .          .
                       - Unarmed
rCold   . . .        (shield unavailable)
rNeg    . . .        (body armour unavailable)
rPois   x            (helmet unavailable)
rElec   .            (cloak unavailable)
rCorr   .            (gloves unavailable)
SInv    +            (boots unavailable)
Will    .....        (no amulet)
Stlth   +++          d - +4 ring of protection
HPRegen 0.23/turn    f - ring of magical power
MPRegen 0.17/turn

%: no passive effects
@: spider-form (expiring)
A: venomous fangs, tiny, (claws 1), (fangs 3), see invisible, (speed 1), (shaggy
fur 1), (stealthy paws), no weapons or thrown items, no armour, multi-lived
a: End Transformation, Renounce Religion


You were on level 3 of the Dungeon.
You worshipped Ashenzari.
Ashenzari was noncommittal.
You were a venomous arachnid creature.
You visited 1 branch of the dungeon, and saw 3 of its levels.

You collected 160 gold pieces.

Inventory:

Jewellery
 d - a +4 ring of protection (left front pincers)
 f - a ring of magical power (right front pincers)
Wands
 u - a wand of roots (6)
Scrolls
 e - a scroll of teleportation {unknown}
 h - a scroll of amnesia {unknown}
 i - a scroll of fog
 k - a scroll of blinking {unknown}
 m - a scroll of fear {unknown}
 p - a scroll of summoning
 q - a scroll of brand weapon {unknown}
 r - 2 scrolls of identify
Potions
 a - a potion of magic
 b - a potion of attraction {unknown}
 c - 3 potions of brilliance {unknown}
 g - a potion of flight {unknown}
 j - a potion of heal wounds {unknown}
 l - a potion of resistance
 n - a potion of might {unknown}
 o - a potion of mutation {unknown}
 s - a potion of invisibility
 t - a potion of curing {unknown}


   Skills:
 + Level 3.0 Dodging
 + Level 3.1 Stealth
 + Level 1.3 Unarmed Combat
 + Level 3.7 Spellcasting
 * Level 3.3 Transmutations
 + Level 1.5 Air Magic
 + Level 4.0 Poison Magic


You had 5 spell levels left.
You knew the following spells:

 Your Spells              Type           Power      Damage    Failure   Level
a - Sting                 Tmut/Pois      68%        1d6       11%         1
b - Poisonous Vapours     Pois/Air       28%        N/A       19%         2
c - Spider Form           Tmut/Pois      17%        N/A       24%         3

Your spell library contained the following spells:

 Spells                   Type           Power      Damage    Failure   Level
 Mephitic Cloud           Conj/Pois/Air  10%        N/A       41%         3
 Ensorcelled Hibernation  Hex/Ice        6%         N/A       43%         2
 Olgreb's Toxic Radiance  Pois           18%        N/A       47%         4
 Anguish                  Hex/Necr       1%         N/A       92%         4


Dungeon Overview and Level Annotations

Branches:
Dungeon (3/15)

Altars:
Ashenzari
Vehumet
Xom

Annotations:
D:3 Jessica


Innate Abilities, Weirdness & Mutations

You are a venomous arachnid creature.
You have venomous fangs.
You are tiny and dextrous.
Your spellcasting is less reliable in this form.
((You have sharp claws.))
((You have razor-sharp teeth.))
You have supernaturally acute eyesight. (SInv)
((You cover ground quickly. (Speed+)))
((You are covered in fur. (AC +1)))
((Your paws help you pounce on unaware monsters.))
You are incapable of wielding weapons or throwing items.
You cannot wear armour.
You gain extra lives every three experience levels.


Message History

Sigmund hits you but does no damage.
Your adder bites Sigmund but does no damage.
Jessica completely misses you.
Your giant cockroach bites Sigmund.
Unknown command.
You hit Sigmund.
Sigmund looks as sick as possible!
Sigmund is heavily wounded.
Your adder bites Sigmund.
Your giant cockroach closely misses Sigmund.
Sigmund misses you. Jessica closely misses you.
Your bat hits Sigmund. You closely miss Sigmund.
Sigmund is severely wounded.
Your transformation is almost over.
Your bat barely misses Sigmund.
Your adder barely misses Sigmund.
Your bat hits Sigmund but does no damage.
Your giant cockroach closely misses Sigmund.
Jessica gestures wildly while chanting.
Jessica blinks!
Your adder completely misses Sigmund.
Your bat barely misses Sigmund.
You hit Sigmund but do no damage.
Sigmund looks as sick as possible!
Sigmund is severely wounded.
Your bat hits Sigmund.
Sigmund hits you with a +2 scythe of flaming!
Sigmund burns you.
Your giant cockroach bites Sigmund.
Your adder bites Sigmund.
Sigmund dies!
Jessica gestures wildly.
Your Dodging skill increases to level 3!
Your Transmutations skill increases to level 3!
Your Poison Magic skill increases to level 4!
Welcome back to level 5!
Your bat hits Jessica but does no damage.
Jessica closely misses you.
You barely miss Jessica.
Your bat barely misses Jessica.
Jessica misses you.
You hit Jessica.
Jessica is poisoned.
Jessica is heavily wounded.
Your bat completely misses Jessica.
Jessica points at you and mumbles some strange words.
Pain shoots through your body!
Ouch! That really hurt!
You die...

#### #######...#### ####
#.......!.#..###...
#........###..##...
######.........#........
#.......##....###.......
#.......#....## ##......
#.....@sS.....# #.......
####.##bB.)..## ##....).
#.#....#.## ##.#...
#.#.#.#### ####.#
#).#### ### ##..#.####
####.# #.....#.##
##.#... #.#......##
##...... #.##......#
#......#


You could see Jessica (invisible, very poisoned, ally target), a friendly adder
(summoned), a friendly giant cockroach (summoned) and a friendly bat (summoned).

Vanquished Creatures
  A scorpion (D:3)
  Terence (D:3)
  3 gnolls (D:2)
  An adder (D:3)
  2 dart slugs (D:1)
  11 endoplasms
  3 giant cockroaches
  7 goblins
  7 hobgoblins
  6 kobolds
  5 quokkas
  6 ball pythons
  7 bats
  4 frilled lizards
  9 rats
73 creatures vanquished.

Vanquished Creatures (collateral kills)
  Sigmund (D:3)
1 creature vanquished.

Grand Total: 74 creatures vanquished

Notes
Turn   | Place    | Note
-------+----------+-------------------------------------------
     0 | D:1      | Brutalitops the Felid Venom Mage began the quest for the
                  | Orb.
     0 | D:1      | Reached XP level 1. HP: 7/7 MP: 4/4
   204 | D:1      | Reached XP level 2. HP: 11/11 MP: 1/6
   207 | D:1      | Learned a level 2 spell: Poisonous Vapours
   213 | D:1      | Reached skill level 3 in Poison Magic
   861 | D:1      | Reached XP level 3. HP: 14/14 MP: 7/7
  1761 | D:2      | Found a shimmering altar of Xom.
  2021 | D:2      | Reached XP level 4. HP: 18/18 MP: 9/9
  2025 | D:2      | Learned a level 3 spell: Spider Form
  2328 | D:2      | Found a faded altar of an unknown god.
  2523 | D:3      | Noticed a scorpion
  2535 | D:3      | Killed a scorpion
  2536 | D:3      | Reached skill level 1 in Air Magic
  2536 | D:3      | Reached XP level 5. HP: 14/21 MP: 10/10
  2537 | D:3      | Identified the +4 whip of Skirmishing {protect, rElec rPois
                  | rCorr Str-2}
  2608 | D:3      | Found a broken altar of Ashenzari.
  2612 | D:3      | Became a worshipper of Ashenzari the Shackled
  3068 | D:3      | Noticed Terence
  3071 | D:3      | Found a radiant altar of Vehumet.
  3084 | D:3      | HP: 1/21 [Terence/+0 flail (6)]
  3084 | D:3      | Constricted to death by Terence
  3085 | D:3      | Reached XP level 4. HP: -3/18 MP: 18/18
  3087 | D:3      | Killed Terence
  3088 | D:3      | Reached skill level 1 in Unarmed Combat
  3236 | D:3      | Noticed Sigmund
  3261 | D:3      | Noticed Jessica
  3271 | D:3      | Killed Sigmund
  3272 | D:3      | Reached skill level 4 in Poison Magic
  3272 | D:3      | Reached XP level 5. HP: 8/21 MP: 11/11
  3275 | D:3      | Killed from afar by Jessica

Illustrated notes

Levels and vault maps discovered:
D:1:      minmay_arrival_plants_in_alcoves, layout_rooms, patterned_corridor
D:2:      layout_basic, ebering_ecumenical_altar_hall, basic_altar
D:3:      layout_rooms, vehumet_altar_wand_db, nicolae_ashenzari_skybound,
          nicolae_figureground_sparkle, uniq_sigmund, uniq_terence, uniq_jessica

Skill      XL: |  1  2  3  4 |
---------------+-------------+-----
Poison Magic   | 3 4 |  4.0
Transmutations | 2 3 |  3.3
Spellcasting   | 3 |  3.7
Stealth        | 3 |  3.1
Air Magic      | 1 |  1.5
Unarmed Combat | 1 |  1.3
Dodging        | 3 |  3.0

Action                     |  1- 3 |  4- 6 || total
---------------------------+-------+-------++-------
  Melee: Unarmed           |    28 |    49 ||    77
         Bite              |     2 |     2 ||     4
         Punch             |     1 |       ||     1
   Cast: Sting             |    67 |    17 ||    84
         Poisonous Vapours |    37 |    22 ||    59
         Spider Form       |       |     6 ||     6
    Use: Scroll            |     1 |     2 ||     3
 Armour: Skin              |     4 |     5 ||     9
  Dodge: Dodged            |    20 |    32 ||    52
